 Dungeon Crawl Stone Soup version 0.18.1-50-g88ac8fd (webtiles) character file.

669 ri73 the Skirmisher (level 7, -3/63 HPs)
             Began as a Minotaur Berserker on Apr 3, 2017.
             Was an Elder of Trog.
             Slain by an orc
             ... wielding a +2 trident of freezing
              (6 damage)
             ... on level 5 of the Dungeon.
             The game lasted 01:04:56 (6411 turns).

ri73 the Skirmisher (Minotaur Berserker)            Turns: 6411, Time: 01:04:56

Health: -3/63      AC:  6    Str: 24    XL:     7   Next: 32%
Magic:  6/6        EV:  6    Int:  4    God:    Trog [****..]
Gold:   285        SH: 12    Dex:  9    Spells: 0 memorised, 6 levels left

rFire  . . .     SeeInvis .     G - +0 flail (crush)
rCold  . . .     Gourm    .     o - +1 ring mail
rNeg   . . .     Faith    .     I - +0 large shield
rPois  .         Spirit   .     (helmet restricted)
rElec  .         Dismiss  .     (no cloak)
rCorr  .         Reflect  .     (no gloves)
SustAt .         Harm     .     (no boots)
MR     .....                    (no amulet)
Stlth  +.........               (no ring)
                                (no ring)

@: exhausted, slowed, very slow, not resistant to hostile enchantments, very
unstealthy
A: retaliatory headbutt, horns 2
a: Berserk, Trog's Hand, Brothers in Arms, Burn Spellbooks, Renounce Religion


You were on level 5 of the Dungeon.
You worshipped Trog.
Trog was greatly pleased with you.
You were very hungry.

You visited 1 branch of the dungeon, and saw 5 of its levels.

You collected 285 gold pieces.

Inventory:

Hand Weapons
 a - a +0 mace
 e - a +0 hand axe
 s - a +0 hand axe of freezing
 y - a +0 blowgun
 G - a +0 flail of crushing (weapon)
Missiles
 g - 159 stones (quivered)
 z - 6 poisoned needles
 C - 25 sling bullets
 D - 4 large rocks
Armour
 b - a +0 animal skin
 k - a +0 leather armour
 o - a +1 ring mail (worn)
 t - a +0 scale mail
 H - a +0 chain mail
 I - a +0 large shield (worn)
Jewellery
 w - an uncursed ring of protection from fire {unknown}
Wands
 x - a wand of iceblast (4/15)
 J - a wand of confusion (42/48)
Scrolls
 f - 3 scrolls of random uselessness
 h - 3 scrolls of teleportation
 i - 2 scrolls of identify
 q - 2 scrolls of remove curse
 u - 2 scrolls of enchant armour
Potions
 c - a potion of agility {unknown}
 j - a potion of resistance {unknown}
 l - 3 potions of curing
 m - a potion of mutation {unknown}
 n - 2 potions of lignification {unknown}
 v - a potion of ambrosia {unknown}
 A - a potion of flight {unknown}
 F - a potion of degeneration {unknown}
Comestibles
 d - 3 meat rations
 p - a beef jerky
 r - 2 bread rations
 B - 2 chunks of flesh
 E - a slice of pizza


   Skills:
 * Level 6.1 Fighting
 - Level 0.8(3.4) Axes
 * Level 5.4(5.5) Maces & Flails
 + Level 5.2 Throwing
 - Level 2.5 Armour
 - Level 2.2 Dodging
 + Level 1.3 Stealth
 + Level 0.5 Shields


You had 6 spell levels left.
You didn't know any spells.

Dungeon Overview and Level Annotations

Branches:
Dungeon (5/15)
 Temple: D:4-7

Altars:
Dithmenos
Elyvilon
Qazlal
Sif Muna
Trog
Yredelemnul

Annotations:
D:5 bugs's ghost, novice DgHu


Innate Abilities, Weirdness & Mutations

You reflexively headbutt those who attack you in melee.
You have a pair of horns on your head.


Message History

* * * LOW HITPOINT WARNING * * *
You block the phantom's attack. You block the phantom's attack.
The orc hits you but does no damage.
The phantom blinks!
The orc hits you but does no damage. The orc hits you but does no damage.
The orc hits you from afar with a trident of freezing.
* * * LOW HITPOINT WARNING * * *
The orc freezes you.
* * * LOW HITPOINT WARNING * * *
You block the orc's attack.
Your shield prevents you from hitting the orc.
The phantom hits you but does no damage.
The orc hits you with a trident of freezing.
* * * LOW HITPOINT WARNING * * *
The orc freezes you.
* * * LOW HITPOINT WARNING * * *
You block the phantom's attack.
The orc hits you with a trident of freezing.
You die...

#...##.#######.......<...#
..........#.....#.#......#
..........#.#............#
>.........#.#.#.##.......#
#...###.#...#W#.##.....>.#
#...# #......W#.....######
#...# #######.#.##.##
#...# #.#W##.# #...###
#..o@..# ......# ###W####
.#.##.# #.# ......#####
#.# ..........# ...
......###.# #.# ..##..#
### ......# ...#.##


You could see a phantom, bugs's ghost and an orc.

Vanquished Creatures
  Edmund (D:4)
  A phantom (D:4)
  An ogre (D:3)
  2 orc priests (D:5)
  2 hounds (D:4)
  Ijyb (D:3)
  2 orc wizards
  A worker ant (D:5)
  4 adders
  An adder skeleton (D:4)
  3 worms
  5 giant geckos
  8 orcs
  2 ball pythons
  2 giant cockroaches
  5 goblins
  8 hobgoblins
  20 jackals
  7 kobolds
  14 bats
  7 giant newts
  A quokka skeleton (D:4)
  5 rats
103 creatures vanquished.

Vanquished Creatures (others)
  A giant cockroach (D:1)
  A hobgoblin (D:1)
2 creatures vanquished.

Grand Total: 105 creatures vanquished

Notes
Turn   | Place    | Note
--------------------------------------------------------------
     0 | D:1      | ri73 the Minotaur Berserker began the quest for the Orb.
     0 | D:1      | Reached XP level 1. HP: 19/19 MP: 0/0
   483 | D:1      | Reached XP level 2. HP: 20/27 MP: 1/1
   908 | D:1      | Reached skill level 4 in Fighting
  1082 | D:1      | Reached ** piety under Trog
  1084 | D:1      | Reached XP level 3. HP: 26/33 MP: 2/2
  1414 | D:1      | Reached skill level 1 in Throwing
  2682 | D:2      | Reached XP level 4. HP: 41/41 MP: 3/3
  3594 | D:3      | Noticed an ogre
  3608 | D:3      | Killed an ogre
  3608 | D:3      | Reached skill level 5 in Fighting
  3608 | D:3      | Reached XP level 5. HP: 48/48 MP: 4/4
  3813 | D:3      | Found a stormy altar of Qazlal.
  3902 | D:3      | Noticed Ijyb
  3913 | D:3      | Killed Ijyb
  3913 | D:3      | Reached *** piety under Trog
  4220 | D:3      | Reached skill level 5 in Maces & Flails
  5019 | D:4      | Found a deep blue altar of Sif Muna.
  5029 | D:4      | Found a bloodstained altar of Trog.
  5029 | D:4      | Found a shadowy altar of Dithmenos.
  5051 | D:4      | Reached skill level 1 in Stealth
  5066 | D:4      | Reached XP level 6. HP: 50/56 MP: 5/5
  5373 | D:4      | Noticed Edmund
  5383 | D:4      | Killed Edmund
  5410 | D:4      | Reached skill level 5 in Throwing
  5446 | D:4      | Found a white marble altar of Elyvilon.
  5506 | D:4      | Found a basalt altar of Yredelemnul.
  5543 | D:4      | Got a brightly glowing ring mail
  5554 | D:4      | Identified the cursed +0 ring mail of Brilliance {rPois Str+4 Slay-4} (You found it on level 4 of the Dungeon)
  5757 | D:4      | Reached XP level 7. HP: 62/62 MP: 6/6
  6221 | D:5      | Entered Level 5 of the Dungeon
  6363 | D:5      | Noticed bugs's ghost (novice DgHu)
  6382 | D:5      | Reached skill level 6 in Fighting
  6389 | D:5      | Reached **** piety under Trog
  6411 | D:5      | HP: 3/63 [orc/trident of freezing (2)]
  6411 | D:5      | Slain by an orc

Skill      XL: |  1  2  3  4  5  6  7 |
---------------+----------------------+-----
Maces & Flails | 4 5 |  5.4
Fighting       | 4 5 6 |  6.1
Throwing       | 1 2 3 5 |  5.2
Stealth        | 1 |  1.3
Axes           | |  0.8
Armour         | |  2.5
Dodging        | |  2.2
Shields        | |  0.5

Action                   |  1- 3 |  4- 6 |  7- 9 || total
-------------------------+-------+-------+-------++-------
Melee: Mace              |    64 |    40 |       ||   104
       Headbutt          |     8 |    21 |     5 ||    34
       Hand axe          |       |    80 |       ||    80
       Flail             |       |       |    38 ||    38
 Fire: Blowgun           |       |    11 |       ||    11
Throw: Stone             |   113 |    63 |    18 ||   194
Invok: Berserk           |     1 |     2 |     1 ||     4
  Use: Scroll            |     2 |     7 |     2 ||    11
  Eat: Chunk             |     2 |     9 |       ||    11
       Bread ration      |     1 |     1 |       ||     2
Armor: Animal skin       |    10 |       |       ||    10
       Ring mail         |    11 |    35 |    17 ||    63
       Leather armour    |     6 |       |       ||     6
       Chain mail        |       |     1 |       ||     1
Dodge: Dodged            |    73 |    61 |    11 ||   145
Block: Large shield      |       |     2 |    34 ||    36
